 Dungeon Crawl Stone Soup version 0.21-a0-578-gc6e9d75 (webtiles) character file.

70025 4thArraOfDagon the Severer (level 14, -2/121 HPs)
             Began as a Deep Dwarf Enchanter on Dec 18, 2017.
             Was the Champion of Makhleb.
             Killed from afar by a deep elf knight (41 damage)
             ... with a shard of ice
             ... on level 1 of the Elven Halls.
             The game lasted 01:03:54 (10702 turns).

4thArraOfDagon the Severer (Deep Dwarf Enchanter)  Turns: 10702, Time: 01:03:55

Health: -2/121     AC: 23    Str:  7    XL:     14   Next: 92%
Magic:  9/9        EV:  6    Int: 23    God:    Makhleb [******]
Gold:   729        SH:  0    Dex: 19    Spells: 8/16 levels left

rFire    + + .     SeeInvis +   n - +6 battleaxe (vamp)
rCold    . . .     Gourm    .   (shield currently unavailable)
rNeg     + + .     Faith    .   i - +3 chain mail {MR+}
rPois    .         Spirit   .   R - +1 hat
rElec    .         Reflect  .   g - +0 cloak
rCorr    .         Harm     .   (no gloves)
MR       +++..                  S - +3 pair of boots of Sif Muna's Benevolence {rF++ Str-5 Slay+3 Stlth+}
Stlth    +.........             q - amulet of rage
HPRegen  0.00/turn              s - ring of positive energy
MPRegen  0.11/turn              O - ring of the Ten Princes {*Drain Int+2 Dex+6 SInv}

@: non-regenerating
A: damage resistance, heal wounds, negative energy resistance 1, sense
surroundings 2, no regeneration
a: Heal Wounds, Minor Destruction, Lesser Servant of Makhleb, Major Destruction,
Greater Servant of Makhleb, Renounce Religion, Evoke Berserk Rage


You were on level 1 of the Elven Halls.
You worshipped Makhleb.
Makhleb was exalted by your worship.
You were not hungry.

You visited 5 branches of the dungeon, and saw 25 of its levels.

You collected 1765 gold pieces.
You spent 1036 gold pieces at shops.

Inventory:

Hand Weapons
 n - a +6 vampiric battleaxe (weapon)
 Y - a +5 blowgun
Missiles
 L - a throwing net (quivered)
 U - 13 curare-tipped needles
Armour
 b - a +0 robe
 f - a +2 ring mail of cold resistance
 g - a +0 cloak (worn)
 i - a +3 chain mail of magic resistance (worn)
 l - a +0 helmet
 o - a +0 plate armour
 G - the +4 leather armour "Zagaas" {MR- Dex+5 Slay+2}
   (You found it on level 7 of the Dungeon)

   It affects your dexterity (+5).
   It affects your accuracy and damage with ranged weapons and melee attacks
   (+2).
   It affects your resistance to hostile enchantments.
 P - the +6 large shield of the Fisher {+Inv Regen+ Str-4 Int+4}
   (You bought it in a shop on level 10 of the Dungeon)

   It affects your strength (-4).
   It affects your intelligence (+4).
   It lets you turn invisible.
   It increases your rate of regeneration.
 R - a +1 hat (worn)
 S - the +3 pair of boots of Sif Muna's Benevolence (worn) {rF++ Str-5 Slay+3 Stlth+}
   (You found it on level 11 of the Dungeon)

   It affects your strength (-5).
   It affects your accuracy and damage with ranged weapons and melee attacks
   (+3).
   It greatly protects you from fire.
   It makes you more stealthy.
 Z - a +2 plate armour of poison resistance
Jewellery
 q - an amulet of rage (around neck)
 s - a ring of positive energy (left hand)
 C - an uncursed ring of ice
 F - an uncursed ring of magical power
 I - an uncursed ring of protection from fire
 O - the ring of the Ten Princes (right hand) {*Drain Int+2 Dex+6 SInv}
   (You found it on level 6 of the Lair of Beasts)

   [ring of see invisible]

   It affects your intelligence (+2).
   It affects your dexterity (+6).
   It lets you see invisible.
   It causes draining when unequipped.
Wands
 c - a wand of digging (10)
 e - a wand of paralysis (1)
 k - a wand of polymorph (3)
 p - a wand of disintegration (14)
 y - a wand of enslavement (16)
 H - a wand of acid (7)
 J - a wand of clouds (8)
 K - a wand of random effects (10)
 N - a wand of iceblast (19)
 W - a wand of flame (29)
Scrolls
 m - 6 scrolls of teleportation
 r - 2 scrolls of immolation
 u - 5 scrolls of enchant armour {unknown}
 x - 10 scrolls of remove curse
 E - a scroll of summoning
 M - 2 scrolls of fear {unknown}
 V - 2 scrolls of amnesia
Potions
 h - a potion of might {unknown}
 j - 2 potions of flight
 t - 4 potions of lignification
 v - a potion of berserk rage
 z - 5 potions of curing
 A - 2 potions of heal wounds
 B - 2 potions of invisibility
 D - 2 potions of haste
 Q - 2 potions of agility
 T - 3 potions of cancellation
 X - 2 potions of brilliance
Miscellaneous
 w - a sack of spiders
Comestibles
 d - 25 rations


   Skills:
 + Level 6.7 Fighting
   Level 2.1 Short Blades
 - Level 20.0 Axes
 + Level 13.9 Armour
 + Level 6.6 Dodging
 - Level 3.6 Stealth
 - Level 1.7 Spellcasting
 - Level 2.4 Hexes
 - Level 8.1 Invocations
 - Level 5.6 Evocations


You had 8 spell levels left.
You knew the following spells:

 Your Spells              Type           Power        Failure   Level  Hunger
a - Corona                Hex            ##.....      95%         1    #......
b - Ensorcelled Hibernat  Hex/Ice        #.....       100%        2    ##.....
c - Confuse               Hex            ##......     100%        3    ###....
d - Blink                 Tloc           N/A          100%        2    ##.....


Dungeon Overview and Level Annotations

Branches:
Dungeon (15/15)            Temple (1/1) D:6            Lair (6/6) D:9
  Slime (0/5) Lair:5          Orc (2/2) D:9             Elf (1/3) Orc:2
 Vaults (0/5) D:13
  Swamp: Lair:2-4    Shoals: Lair:2-4     Snake: Lair:2-4    Spider: Lair:2-4
 Depths: D:15

Altars:
Ashenzari
Cheibriados
Dithmenos
Elyvilon
Fedhas
Hepliaklqana
Makhleb
Nemelex Xobeh
Qazlal
Ru
Sif Muna
Uskayaw
Vehumet
Xom
Zin
The Shining One
Lugonu

Shops:
D:10 [   D:12 [   D:14 *   Orc:2 :(*[

Annotations:
D:8 Grum, Joseph, Prince Ribbit
D:9 2 runed doors
Lair:2 SNAKE
Lair:3 Curus's ghost, journeyman TrBe


Innate Abilities, Weirdness & Mutations

You are resistant to damage.
You can heal yourself by infusing magical energy.
You resist negative energy. (rN+)
You passively map the area around you.
You do not regenerate.


Message History

Makhleb accepts your kill.
Unknown command.
The deep elf knight hits you but does no damage.
Things that are here:
a halberd of flaming; a rapier; a scroll of amnesia Unknown command.
You slash the deep elf knight!
You feel better.
The deep elf knight is moderately wounded.
Your hellwing misses the deep elf knight.
Your hellwing barely misses the deep elf knight.
The deep elf knight hits you but does no damage.
Unknown command.
You slash the deep elf knight!
The deep elf knight is heavily wounded.
Unknown command.
You closely miss the deep elf knight.
The deep elf knight is heavily wounded.
The deep elf knight gestures at you while chanting.
The shard of ice hits you!
You die...

, ** , ### *### , * #..,
..### * *.##+##... , , ,
#.#...# .# * ,
#.+...+..###.
#.#..4#......, , ,
**#####.##2@#..# ,, , ,
.........e...#*, , ,
**#...###.#....... , **
####......#.##.# ,,,,
#.###...###.. .* **
########'#..#.#..#... ,
* *
###.)........##.##(.....
* * ..).)8..8..####.#


WE.... , , ###))...........# .... ,,, , You could see a deep elf knight, a
friendly cacodemon and a friendly hellwing.

Vanquished Creatures
  Rupert (D:13)
  Kirke (D:12)
  An orc warlord (Orc:2)
  3 hydras
  Erica (D:9)
  A merfolk avatar (Lair:6)
  2 two-headed ogres
  3 centaur warriors (D:13)
  The ghost of p0werm0de the Fighter, a novice DsFE of Cheibriados (Orc:1)
  A dancing weapon (Elf:1)
  A death knight (D:13)
  An orc high priest (Orc:2)
  Urug (D:13)
  Sonja (D:12)
  2 deep elf knights (Elf:1)
  3 unseen horrors
  A sea snake (Lair:6)
  A lindwurm (Lair:6)
  A harpy (Lair:6)
  5 orc knights
  Pikel (D:9)
  6 deep elf magi (Elf:1)
  An ugly thing (D:11)
  3 manticores
  3 orc sorcerers (Orc:2)
  A cyclops (D:14)
  8 elephants
  3 black mambas
  2 centaur zombies
  6 spiny frogs
  2 gargoyles
  3 rime drakes
  7 komodo dragons
  8 trolls
  2 polar bears
  A queen bee (shapeshifter) (D:14)
  3 hornets
  13 blink frogs
  4 slime creatures (D:13)
  7 dream sheep (Lair:6)
  3 hippogriffs
  A meliai zombie (D:14)
  3 water elementals
  28 yaks
  3 steam dragons
  A fire bat (D:11)
  4 wyverns
  2 basilisks
  14 humans (D:13)
  4 hogs (D:12)
  8 swamp worms (Lair:3)
  6 wargs
  17 water moccasins
  A soldier ant (D:13)
  A naga (D:9)
  11 porcupines
  3 sky beasts
  22 orc warriors
  3 ice beasts
  A sky beast (shapeshifter) (D:13)
  A necrophage (D:6)
  2 black bears
  A swamp drake (D:14)
  An eye of draining (D:14)
  2 slaves (D:9)
  15 ogres
  9 wolves
  9 centaurs
  15 crocodiles
  3 big kobolds
  12 bullfrogs
  A wyvern skeleton (D:10)
  4 scorpions
  5 killer bees (D:11)
  A howler monkey (D:5)
  2 crimson imps
  3 wights (D:13)
  An electric eel (Lair:2)
  2 bullfrog zombies
  8 hounds
  2 bullfrog skeletons
  7 orc priests
  3 centaur skeletons
  7 jellies
  8 orc wizards
  2 iguanas
  6 worker ants
  A hound skeleton (D:10)
  A mummy (D:5)
  A howler monkey zombie (D:5)
  Robin (D:2)
  A worker ant zombie (D:5)
  3 howler monkey skeletons
  11 adders
  3 shadow imps
  An ooze (Lair:5)
  An adder skeleton (D:6)
  10 worms (Lair:3)
  A dart slug (D:5)
  3 leopard geckos
  48 orcs
  3 giant cockroaches
  11 goblins
  6 hobgoblins
  6 jackals
  3 quokkas
  4 bats
  5 frilled lizards
  A jackal zombie (D:8)
  20 kobolds
  A leopard gecko skeleton (D:4)
  15 rats
  3 fungi
  2 plants
550 creatures vanquished.

Vanquished Creatures (collateral kills)
  Nessos (D:13)
  The ghost of tidbits the Martial Artist, a journeyman GnTm of Cheibriados (Elf:1)
  2 hydras
  A dancing weapon (Elf:1)
  A sea snake (Lair:6)
  A deep elf mage (Elf:1)
  A gargoyle (D:14)
  A komodo dragon (Lair:6)
  A polar bear (Lair:6)
  2 hornets (Lair:6)
  A blink frog (Lair:1)
  A water elemental (Elf:1)
  A basilisk (D:14)
  2 humans (D:13)
  3 water moccasins
  2 orc warriors (Orc:2)
  A centaur (D:13)
  An orc priest (D:13)
  An orc wizard (D:13)
  2 orcs
27 creatures vanquished.

Vanquished Creatures (others)
  A slave (D:9)
  A kobold (D:9)
  18 fungi
  3 plants
23 creatures vanquished.

Grand Total: 600 creatures vanquished

Notes
Turn   | Place    | Note
-------+----------+-------------------------------------------
     0 | D:1      | 4thArraOfDagon the Deep Dwarf Enchanter began the quest for the Orb.
     0 | D:1      | Reached XP level 1. HP: 15/15 MP: 3/3
    51 | D:1      | Reached skill level 1 in Short Blades
   136 | D:1      | Reached XP level 2. HP: 22/22 MP: 4/4
   147 | D:1      | Learned a level 2 spell: Ensorcelled Hibernation
   328 | D:3      | Reached skill level 1 in Fighting
   520 | D:3      | Reached XP level 3. HP: 28/31 MP: 0/5
   629 | D:4      | Noticed an ogre
   674 | D:4      | Found a glowing golden altar of the Shining One.
   923 | D:5      | Entered Level 5 of the Dungeon
   979 | D:5      | Reached XP level 4. HP: 9/40 MP: 1/6
   994 | D:5      | Found a shimmering altar of Xom.
  1022 | D:6      | Noticed a necrophage
  1095 | D:5      | Learned a level 3 spell: Confuse
  1219 | D:6      | Reached skill level 1 in Axes
  1219 | D:6      | Reached XP level 5. HP: 10/50 MP: 4/7
  1415 | D:6      | Noticed an ogre
  1418 | D:6      | Noticed an ogre
  1459 | D:7      | Reached skill level 2 in Axes
  1459 | D:7      | Reached skill level 1 in Evocations
  1462 | D:7      | Noticed a centaur
  1472 | D:7      | Killed a centaur
  1472 | D:7      | Reached XP level 6. HP: 26/57 MP: 8/8
  1483 | D:7      | Noticed an orc warrior
  1497 | D:6      | HP: 2/57 [ogre/giant club (17)]
  1500 | D:6      | Reached skill level 3 in Axes
  1519 | D:6      | Reached skill level 4 in Axes
  1519 | D:6      | Reached XP level 7. HP: 62/64 MP: 6/9
  1565 | D:6      | Found a staircase to the Ecumenical Temple.
  1577 | Temple   | Entered the Ecumenical Temple
  1595 | Temple   | Became a worshipper of Makhleb the Destroyer
  1829 | D:5      | Reached skill level 5 in Evocations
  1850 | D:5      | Found a snail-covered altar of Cheibriados.
  1922 | D:4      | Found a sparkling altar of Nemelex Xobeh.
  2065 | D:3      | Found a deep blue altar of Sif Muna.
  2256 | D:3      | Reached skill level 5 in Axes
  2387 | D:2      | Reached * piety under Makhleb
  2751 | D:2      | Noticed Robin
  2770 | D:2      | Reached ** piety under Makhleb
  2780 | D:2      | Killed Robin
  3113 | D:5      | Reached skill level 6 in Axes
  3215 | D:6      | Found a white marble altar of Elyvilon.
  3220 | D:6      | Noticed a steam dragon
  3220 | D:6      | an electric eel changed into a steam dragon
  3222 | D:6      | Killed a steam dragon
  3222 | D:6      | Reached XP level 8. HP: 39/72 MP: 9/9
  3223 | D:6      | Noticed a hornet
  3223 | D:6      | an electric eel changed into a hornet
  3225 | D:6      | Killed a hornet
  3225 | D:6      | Reached skill level 7 in Axes
  3248 | D:6      | Reached skill level 8 in Axes
  3597 | D:7      | Got a faintly humming leather armour
  3608 | D:7      | Identified the +4 leather armour "Zagaas" {MR- Dex+5 Slay+2} (You found it on level 7 of the Dungeon)
  3630 | D:7      | Found a shattered altar of Ashenzari.
  3631 | D:7      | Found a shadowy altar of Dithmenos.
  3779 | D:8      | Noticed Grum
  3793 | D:7      | Reached skill level 9 in Axes
  3964 | D:8      | Noticed a hippogriff
  3967 | D:8      | Killed a hippogriff
  4035 | D:8      | Reached skill level 10 in Axes
  4035 | D:8      | Reached skill level 1 in Invocations
  4069 | D:8      | Noticed Prince Ribbit
  4100 | D:8      | Gained mutation: You passively map the area around you. [Deep Dwarf growth]
  4100 | D:8      | Reached XP level 9. HP: 68/78 MP: 9/9
  4109 | D:8      | Found a glowing silver altar of Zin.
  4109 | D:8      | Found a radiant altar of Vehumet.
  4282 | D:8      | Noticed Joseph
  4331 | D:9      | Found a sacrificial altar of Ru.
  4421 | D:9      | Noticed Pikel
  4426 | D:9      | Noticed a two-headed ogre
  4430 | D:9      | Killed Pikel
  4438 | D:9      | Killed a two-headed ogre
  4438 | D:9      | Reached skill level 11 in Axes
  4438 | D:9      | Reached skill level 5 in Invocations
  4511 | D:9      | Reached skill level 12 in Axes
  4542 | D:9      | Found a staircase to the Orcish Mines.
  4572 | D:9      | Reached XP level 10. HP: 44/85 MP: 10/10
  4584 | D:9      | Noticed Erica
  4721 | D:10     | Entered Level 10 of the Dungeon
  4721 | D:10     | Found Inaff's Antique Armour Emporium.
  4733 | D:10     | Bought a distressingly furry large shield for 256 gold pieces
  4738 | D:10     | Identified the +6 large shield of the Fisher {+Inv Regen+ Str-4 Int+4} (You bought it in a shop on level 10 of the Dungeon)
  4757 | D:10     | Reached *** piety under Makhleb
  4797 | D:10     | Noticed a two-headed ogre
  4814 | D:10     | Killed a two-headed ogre
  4971 | D:10     | Reached skill level 13 in Axes
  5065 | D:11     | Noticed a green ugly thing
  5069 | D:11     | Noticed a manticore
  5074 | D:11     | Killed a green ugly thing
  5080 | D:11     | Killed a manticore
  5090 | D:11     | Noticed a gargoyle
  5199 | D:11     | Identified the +3 pair of boots of Sif Muna's Benevolence {rF++ Str-5 Slay+3 Stlth+} (You found it on level 11 of the Dungeon)
  5250 | D:11     | Reached skill level 14 in Axes
  5303 | D:11     | Killed a gargoyle
  5484 | D:11     | Killed an unseen horror
  5484 | D:11     | Reached XP level 11. HP: 72/92 MP: 10/10
  5615 | D:12     | Noticed Kirke
  5625 | D:12     | Reached **** piety under Makhleb
  5625 | D:12     | Reached skill level 15 in Axes
  5634 | D:12     | Killed Kirke
  5700 | D:12     | Noticed Sonja
  5720 | D:12     | Killed Sonja
  5720 | D:12     | Reached skill level 16 in Axes
  5756 | D:12     | Learned a level 2 spell: Blink
  5777 | D:12     | Found Oxem's Armour Shop.
  5999 | D:13     | Noticed a centaur warrior
  6017 | D:13     | Killed a centaur warrior
  6068 | D:14     | Noticed a lindwurm
  6092 | D:14     | Reached skill level 17 in Axes
  6099 | D:14     | Killed an unseen horror
  6127 | D:14     | a lindwurm changed into a shapeshifter
  6129 | D:14     | Noticed a tengu warrior
  6239 | D:14     | Found Fiuzxeby's Pet Rocks.
  6306 | D:14     | Found a blossoming altar of Fedhas.
  6335 | D:14     | Reached XP level 12. HP: 59/99 MP: 10/10
  6396 | D:15     | Entered Level 15 of the Dungeon
  6429 | D:13     | Found a gate to the Vaults.
  6429 | D:13     | Noticed Nessos
  6429 | D:13     | Noticed Rupert
  6429 | D:13     | Noticed Urug
  6429 | D:13     | Noticed a centaur warrior
  6435 | D:13     | Noticed a death knight
  6547 | D:15     | magipi: urug has some fancy battleaxe
  6717 | D:13     | Killed Urug
  6720 | D:13     | Killed a centaur warrior
  6720 | D:13     | Reached skill level 18 in Axes
  6726 | D:13     | Killed Rupert
  6744 | D:13     | Killed Nessos
  6744 | D:13     | Reached skill level 19 in Axes
  6753 | D:13     | HP: 4/99 [death knight/vampiric battleaxe (28)]
  6769 | D:13     | Killed a death knight
  6796 | D:13     | magipi: nice
  6856 | D:13     | Noticed a centaur warrior
  6863 | D:13     | Killed a centaur warrior
  6863 | D:13     | Reached ***** piety under Makhleb
  6904 | D:13     | Noticed a seven-headed hydra
  6914 | D:13     | Killed a seven-headed hydra
  7087 | D:13     | Reached XP level 13. HP: 105/105 MP: 9/9
  7113 | D:13     | Found a sparkling altar of Nemelex Xobeh.
  7226 | Orc:1    | Entered Level 1 of the Orcish Mines
  7236 | Orc:1    | Reached skill level 20 in Axes
  7314 | Orc:1    | Reached skill level 1 in Armour
  7338 | Orc:1    | Noticed p0werm0de's ghost (novice DsFE)
  7353 | Orc:1    | Killed p0werm0de's ghost
  7448 | Orc:2    | Entered Level 2 of the Orcish Mines
  7448 | Orc:2    | Found a staircase to the Elven Halls.
  7592 | Orc:2    | Noticed an orc warlord
  7629 | Orc:2    | Killed an orc warlord
  7629 | Orc:2    | Reached skill level 5 in Fighting
  7699 | Orc:2    | Found Otiat's Antique Armour Shop.
  7792 | Orc:1    | Reached skill level 5 in Dodging
  7851 | Orc:2    | Found Ineerujo's Antique Weapon Emporium.
  8021 | Orc:2    | Found Quhaky's General Store.
  8042 | Orc:2    | Reached skill level 5 in Armour
  8057 | Orc:2    | Found Oxoqul's Book Shop.
  8086 | Orc:2    | Bought a scroll of acquirement for 780 gold pieces
  8088 | Orc:2    | magipi: acq what? armour?
  8089 | Orc:2    | 4thArraOfDagon: hello
  8109 | Orc:2    | Thaneod: hola
  8258 | D:9      | 4thArraOfDagon: coma sta
  8285 | D:9      | Killed Erica
  8293 | D:9      | Found a runed door.
  8306 | D:9      | Found the +10 large shield of Ignorance {rN+ Int-4}
  8312 | D:9      | Found a runed door.
  8323 | D:9      | Found a staircase to the Lair.
  8350 | Lair:1   | Entered Level 1 of the Lair of Beasts
  8355 | Lair:1   | Thaneod: si si senior Connor:)
  8962 | Lair:3   | HP: 5/111 [swamp worm (9)]
  9195 | Lair:3   | Noticed Curus's ghost (journeyman TrBe)
  9252 | Lair:4   | Gained mutation: You resist negative energy. (rN+) [Deep Dwarf growth]
  9252 | Lair:4   | Reached XP level 14. HP: 108/120 MP: 9/9
  9383 | Lair:5   | Reached ****** piety under Makhleb
  9464 | Lair:5   | Reached skill level 10 in Armour
  9543 | Lair:5   | Found a staircase to the Slime Pits.
  9706 | Lair:6   | Entered Level 6 of the Lair of Beasts
  9746 | Lair:6   | Paralysed by a hornet for 2 turns
  9895 | Lair:6   | Identified the Collected Works on Shifting Orientation
  9897 | Lair:6   | Got a glittering pewter ring
  9902 | Lair:6   | Identified the ring of the Ten Princes {*Drain Int+2 Dex+6 SInv} (You found it on level 6 of the Lair of Beasts)
 10188 | Lair:6   | Got a pair of fine gloves
 10194 | Lair:6   | Identified the +2 pair of gloves of Decompression {Regen+ Int+4 Slay-6} (You acquired it on level 6 of the Lair of Beasts)
 10575 | Elf:1    | Entered Level 1 of the Elven Halls
 10654 | Elf:1    | Noticed tidbits's ghost (journeyman GnTm)
 10687 | Elf:1    | Killed tidbits's ghost
 10702 | Elf:1    | Killed from afar by a deep elf knight

Vault maps used:
D:1:      dpeg_arrival_chambers_temple_mockup, minmay_heptomino_h4
D:2:      minmay_rat_gold_closets, uniq_robin
D:3:      nicolae_overflow_crystal_walls
D:4:      tso_metal_star, kennysheep_mini_moat, first_ration,
          kennysheep_generic_room_5
D:5:      lemuel_round_altar, slow_altar_2, grunt_ministairs_11,
          glass_columns_b, minmay_misc_feat_cross, grunt_decor_arrowhead,
          kennysheep_slug_shrine
D:6:      wad_lake_hut, kennysheep_mini, minmay_temple_entry_crystal_x
D:7:      grunt_dithmenos_smoke, ashenzari_altar_1, grunt_livestock,
          minivault_26, serial_bayou_pond_a
D:8:      statuecave_lemuel, gammafunk_temple_overflow_wave, roderic_batcave,
          uniq_grum, uniq_joseph, uniq_prince_ribbit1
D:9:      nicolae_ru_sacrificial_ziggurat, minmay_lair_entry_grove,
          david_orc_1_choice, chequers_guarded_unrand_ignorance, uniq_pikel,
          uniq_erica
D:10:     serial_shops, shop_fountains
D:11:     hangedman_abyss_or_decor_lesser_grid
D:12:     serial_shops, shop, uniq_sonja, uniq_kirke
D:13:     david_vaults_3, nemelex_xobeh_ov_fountains_minmay
D:14:     lemuel_tele_altar, guppyfry_shop_earth, uniq_frances
D:15:     grunt_enter_depths_snipers, minmay_crystal_water, uniq_azrael
Temple:   kb_corrupted_temple
Lair:1:   grunt_megastairs_5
Lair:2:   swamp_mist, guppyfry_snake_entry_garden, serial_bayou_shore_b,
          uniq_urug
Lair:3:   worms_lemuel
Lair:4:   lookout_lair_type, serial_bayou_pond_e
Lair:5:   nicolae_slime_entry_slimehenge
Lair:6:   gammafunk_lair_ancient_temple, lemuel_fruit_fields
Orc:2:    grunt_orc_gardens, grunt_orc_garden, grunt_orc_garden,
          grunt_orc_garden, grunt_orc_garden
Elf:1:    elf_arrival_001, portal_ice_cave_entry_pillars_three, serial_shops,
          nicolae_shop_statue_plus, kennysheep_underground_church

Skill      XL: |  1  2  3  4  5  6  7  8  9 10 11 12 13 14 |
---------------+-------------------------------------------+-----
Short Blades   | 1 2 |  2.1
Fighting       | 1 2 3 4 6 |  6.7
Axes           | 1 2 4 6 10 12 14 17 19 20 | 20.0
Evocations     | 2 4 5 |  5.6
Invocations    | 1 6 8 |  8.1
Armour         | 9 13 | 13.9
Dodging        | 5 6 |  6.6
Stealth        | |  3.6
Spellcasting   | |  1.7
Hexes          | |  2.4

Action                   |  1- 3 |  4- 6 |  7- 9 | 10-12 | 13-15 || total
-------------------------+-------+-------+-------+-------+-------++-------
Melee: Dagger            |    87 |    36 |    73 |       |       ||   196
       Hand axe          |       |       |   120 |       |       ||   120
       War axe           |       |       |   110 |    67 |       ||   177
       Battleaxe         |       |       |       |   382 |   812 ||  1194
Throw: Throwing net      |       |       |       |     1 |       ||     1
 Cast: Corona            |     6 |     2 |     1 |       |       ||     9
       Ensorcelled Hiber |     9 |     7 |    17 |       |       ||    33
Invok: Minor Destruction |       |       |       |     3 |     7 ||    10
       Lesser Servant of |       |       |       |     9 |    14 ||    23
       Greater Servant o |       |       |       |       |     1 ||     1
 Abil: Heal Wounds       |       |     3 |     4 |    16 |     3 ||    26
       Evoke Berserk Rag |       |       |     3 |     3 |       ||     6
Evoke: Wand              |       |     4 |    31 |    41 |     8 ||    84
  Use: Scroll            |     6 |     3 |     3 |     5 |    12 ||    29
       Potion            |     2 |       |       |     4 |     3 ||     9
 Stab: Sleeping          |    14 |     5 |    21 |     6 |     4 ||    50
       Paralysed         |       |     8 |       |    24 |       ||    32
       Distracted        |       |       |     1 |       |     2 ||     3
  Eat: Chunk             |       |     3 |    12 |     7 |    11 ||    33
       Ration            |       |       |     1 |     3 |       ||     4
Armor: Robe              |     6 |    10 |    11 |       |       ||    27
       Skin              |    18 |       |       |    10 |    21 ||    49
       Ring mail         |       |       |    31 |       |       ||    31
       Leather armour    |       |       |    22 |   208 |   233 ||   463
       Chain mail        |       |       |       |       |    35 ||    35
Dodge: Dodged            |    32 |    26 |   170 |   310 |   490 ||  1028

Table legend:
 A = Spawn XP
 B = Non-spawn XP
 C = Spawn XP percentage of total XP
 D = Spawn monster count
 E = Non-spawn monster count
 F = Spawn count percentage of total count
 G = Total turns spent on level
                    A         B        C        D         E        F      G
               +---------+---------+-------+---------+---------+-------+---------
         Total |       0 |  100037 |   0.0 |       0 |     570 |   0.0 | 10702
               +---------+---------+-------+---------+---------+-------+---------
           D:1 |       0 |      21 |   0.0 |       0 |      15 |   0.0 |   336
           D:2 |       0 |      92 |   0.0 |       0 |      35 |   0.0 |   477
           D:3 |       0 |      62 |   0.0 |       0 |      15 |   0.0 |   720
           D:4 |       0 |     221 |   0.0 |       0 |       7 |   0.0 |   515
           D:5 |       0 |     295 |   0.0 |       0 |      20 |   0.0 |   616
           D:6 |       0 |    1280 |   0.0 |       0 |      15 |   0.0 |   748
           D:7 |       0 |     323 |   0.0 |       0 |       7 |   0.0 |   452
           D:8 |       0 |     629 |   0.0 |       0 |       7 |   0.0 |   391
           D:9 |       0 |    5169 |   0.0 |       0 |      32 |   0.0 |   659
          D:10 |       0 |    2443 |   0.0 |       0 |      15 |   0.0 |   469
          D:11 |       0 |    3831 |   0.0 |       0 |      35 |   0.0 |   462
          D:12 |       0 |    4934 |   0.0 |       0 |      14 |   0.0 |   404
          D:13 |       0 |   17441 |   0.0 |       0 |      77 |   0.0 |   615
          D:14 |       0 |    4167 |   0.0 |       0 |      17 |   0.0 |   422
          D:15 |       0 |     228 |   0.0 |       0 |       1 |   0.0 |    92
        Lair:1 |       0 |    4446 |   0.0 |       0 |      19 |   0.0 |   343
        Lair:2 |       0 |    2803 |   0.0 |       0 |      16 |   0.0 |   304
        Lair:3 |       0 |    1883 |   0.0 |       0 |      20 |   0.0 |   291
        Lair:4 |       0 |    3414 |   0.0 |       0 |      14 |   0.0 |   334
        Lair:5 |       0 |    7728 |   0.0 |       0 |      33 |   0.0 |   367
        Lair:6 |       0 |   17034 |   0.0 |       0 |      61 |   0.0 |   496
         Orc:1 |       0 |    3808 |   0.0 |       0 |      29 |   0.0 |   348
         Orc:2 |       0 |   10568 |   0.0 |       0 |      53 |   0.0 |   677
         Elf:1 |       0 |    7217 |   0.0 |       0 |      13 |   0.0 |   127
               +---------+---------+-------+---------+---------+-------+---------
